 Dungeon Crawl Stone Soup version 0.24-a0-335-g06ca16a (webtiles) character file.

Game seed: 9495122788847686386

1565 sking99 the Cleaver (level 8, -3/70 HPs)
             Began as a Hill Orc Fighter on May 19, 2019.
             Was an Initiate of Makhleb.
             Slain by a gnoll
             ... wielding a +2 halberd of electrocution
              (18 damage)
             ... in a bailey.
             The game lasted 00:13:20 (6414 turns).

sking99 the Cleaver (Hill Orc Fighter)              Turns: 6414, Time: 00:13:21

Health: -3/70      AC: 12    Str: 20    XL:     8   Next: 89%
Magic:  9/9        EV:  6    Int:  6    God:    Makhleb [......]
Gold:   352        SH: 10    Dex: 11    Spells: 7/7 levels left

rFire    . . .     SeeInvis .   t - +10 war axe "Gisooro" {chop, MR+ Int-2 Stlth+}
rCold    . . .     Gourm    .   c - +0 shield
rNeg     . . .     Faith    .   a - +0 chain mail
rPois    .         Spirit   .   n - +0 helmet
rElec    .         Reflect  .   k - scarf {repulsion}
rCorr    .         Harm     .   (no gloves)
MR       +....                  d - +0 pair of boots
Stlth    ..........             (no amulet)
HPRegen  0.21/turn              (no ring)
MPRegen  0.11/turn              (no ring)

@: repel missiles
A: no striking features
a: Renounce Religion


You were in a bailey.
You worshipped Makhleb.
Makhleb was noncommittal.
You were not hungry.

You visited 2 branches of the dungeon, and saw 8 of its levels.
You also visited: Bailey.

You collected 352 gold pieces.

Inventory:

Hand Weapons
 t - the +10 war axe "Gisooro" (weapon) {chop, MR+ Int-2 Stlth+}
   (You found it on level 4 of the Dungeon)

   It inflicts extra damage upon your enemies.
   It affects your intelligence (-2).
   It affects your resistance to hostile enchantments.
   It makes you more stealthy.
Armour
 a - a +0 chain mail (worn)
 c - a +0 shield (worn)
 d - a +0 pair of boots (worn)
 k - a scarf of repulsion (worn)
 n - a +0 helmet (worn)
Jewellery
 l - an uncursed ring of protection from cold {unknown}
 x - a +3 ring of strength
Wands
 A - a wand of acid (7)
 B - a wand of polymorph (4)
Scrolls
 g - 5 scrolls of remove curse
 m - a scroll of enchant weapon {unknown}
 o - 2 scrolls of magic mapping
 r - 2 scrolls of amnesia {unknown}
 s - 3 scrolls of teleportation
 u - a scroll of fog {unknown}
 w - a scroll of immolation {unknown}
Potions
 e - 2 potions of lignification {unknown}
 h - a potion of agility {unknown}
 i - a potion of mutation
 j - 2 potions of heal wounds
 p - a potion of brilliance {unknown}
 q - 2 potions of curing
 v - 2 potions of ambrosia {unknown}
 z - a potion of invisibility {unknown}
 C - a potion of magic {unknown}
Comestibles
 b - 6 chunks of flesh
 f - 7 rations


   Skills:
 - Level 6.2 Fighting
 * Level 9.7 Axes
 - Level 5.6 Armour
 + Level 6.4 Shields
 + Level 2.4 Invocations


You had 7 spell levels left.
You didn't know any spells.
Your spell library was empty.

Dungeon Overview and Level Annotations

Branches:
Dungeon (7/15)             Temple (1/1) D:4

Altars:
Ashenzari
Cheibriados
Dithmenos
Elyvilon
Fedhas
Gozag
Hepliaklqana
Makhleb
Nemelex Xobeh
Okawaru
Ru
Sif Muna
Trog
Vehumet
Wu Jian
Yredelemnul
Zin
The Shining One

Shops:
D:5 *


Message History

A hobgoblin opens the door.
You block the hobgoblin's attack.
A hobgoblin comes into view.
There is an open door here.
You slash the hobgoblin!
You kill the hobgoblin!
Makhleb accepts your kill.
The hobgoblin throws a boomerang.
The boomerang is repelled.
The weapon returns to the hobgoblin!
A gnoll comes into view.
It is wielding a +2 halberd of electrocution.
The hobgoblin throws a boomerang.
The boomerang closely misses you.
The weapon returns to the hobgoblin!
Items here: ( ) †† 3 boomerangs; a +0 halberd; a hobgoblin corpse; a gnoll corpse A hobgoblin comes into view.
The hobgoblin shouts!
The gnoll hits you from afar with a +2 halberd of electrocution.
* * * LOW HITPOINT WARNING * * *
You are electrocuted!!
You die...

#.# #.#
#'##'##+
#((...# .
###...(.### ..
#.(..∩..'.#
⌠..
###.....###
... ##.....##
g.
##'##(##'###g#
#∩###.###(@g#
### ### #####


You could see a gnoll and 2 hobgoblins.

Vanquished Creatures
  Sigmund (D:3)
  An orc warrior (D:6)
  2 ogres (D:4)
  3 bullfrogs (D:6)
  2 scorpions
  2 howler monkeys (D:4)
  4 crimson imps
  2 orc priests (D:6)
  A hound (D:5)
  3 orc wizards
  2 iguanas
  4 worker ants
  2 worker ant zombies (D:5)
  9 gnolls
  7 adders
  2 oozes
  2 adder skeletons
  2 worms
  5 dart slugs
  4 leopard geckos
  12 orcs
  9 giant cockroaches
  8 hobgoblins
  8 jackals
  10 kobolds
  3 quokkas
  9 bats
  11 frilled lizards
  12 goblins
  A jackal skeleton (D:6)
  A jackal zombie (D:6)
  5 rats
149 creatures vanquished.

Notes
Turn   | Place    | Note
-------+----------+-------------------------------------------
     0 | D:1      | sking99 the Hill Orc Fighter began the quest for the Orb.
     0 | D:1      | Reached XP level 1. HP: 19/19 MP: 1/1
    70 | D:1      | Reached skill level 3 in Axes
   241 | D:1      | Reached XP level 2. HP: 27/27 MP: 2/2
   362 | D:1      | Reached XP level 3. HP: 24/33 MP: 3/3
  1126 | D:2      | Reached skill level 4 in Axes
  1278 | D:2      | Reached XP level 4. HP: 40/40 MP: 4/4
  2151 | D:3      | Reached XP level 5. HP: 37/47 MP: 5/5
  2638 | D:3      | Reached skill level 5 in Axes
  3002 | D:3      | Noticed Sigmund
  3009 | D:3      | Killed Sigmund
  3009 | D:3      | Reached skill level 6 in Axes
  3009 | D:3      | Reached XP level 6. HP: 50/55 MP: 6/6
  3040 | D:3      | Reached skill level 5 in Fighting
  3286 | D:4      | Got a brightly glowing war axe
  3415 | D:4      | Found a staircase to the Ecumenical Temple.
  3502 | D:4      | Reached XP level 7. HP: 41/61 MP: 7/7
  3939 | D:4      | Reached skill level 7 in Axes
  3939 | D:4      | Reached skill level 5 in Armour
  3939 | D:4      | Reached skill level 5 in Shields
  4364 | D:5      | Entered Level 5 of the Dungeon
  4418 | D:5      | Found Vaos's Assorted Antiques.
  4435 | Temple   | Entered the Ecumenical Temple
  4799 | D:5      | Identified the +10 war axe "Gisooro" {chop, MR+ Int-2
                  | Stlth+} (You found it on level 4 of the Dungeon)
  4866 | Temple   | Became a worshipper of Ru the Awakened
  5062 | D:5      | Reached XP level 8. HP: 68/70 MP: 8/8
  5143 | D:5      | Reached skill level 8 in Axes
  5452 | D:6      | Found a burning altar of Makhleb.
  5592 | D:6      | Fell from the grace of Ru
  5592 | D:6      | Became a worshipper of Makhleb the Destroyer
  5642 | D:6      | Reached skill level 9 in Axes
  5649 | D:6      | Reached skill level 1 in Invocations
  6088 | D:6      | Found an opulent altar of Gozag.
  6088 | D:6      | Found a sparkling altar of Nemelex Xobeh.
  6328 | D:7      | Found a flagged portal.
  6356 | Bailey   | Entered a bailey
  6414 | Bailey   | Slain by a gnoll

Levels and vault maps discovered:
D:1:      kennysheep_arrival_seaside, layout_rooms, minmay_lizard_king
D:2:      layout_basic, first_ration
D:3:      minmay_general_purpose_star, layout_basic, hangedman_glass_teeth,
          roderic_lattice_a, uniq_sigmund
D:4:      layout_loops_corners, minmay_temple_entry_purple_smoke,
          serial_bayou_pond_c
D:5:      layout_basic, serial_shops, shop_fountains, item_on_display_a
D:6:      layout_layer_cave, bloody_makhleb, grunt_temple_overflow_opulence
D:7:      layout_rooms, lemuel_round_altar, kennysheep_little_box, serial_shops,
          shop, enter_bailey_3, st_stairs_6
Temple:   regret_index_temple_waves
Bailey:   bailey_axe_2, bailey

Skill      XL: |  1  2  3  4  5  6  7  8 |
---------------+-------------------------+-----
Axes           | 3 4 6 7 9 |  9.7
Fighting       | 4 5 6 |  6.2
Shields        | 4 5 6 |  6.4
Armour         | 4 5 |  5.6
Invocations    | 2 |  2.4

Action                   |  1- 3 |  4- 6 |  7- 9 || total
-------------------------+-------+-------+-------++-------
Melee: War axe           |   123 |   125 |   155 ||   403
  Use: Potion            |       |     1 |       ||     1
       Scroll            |       |       |     6 ||     6
  Eat: Chunk             |     1 |     7 |     7 ||    15
       Ration            |       |       |     1 ||     1
Armor: Scale mail        |    96 |    61 |    15 ||   172
       Chain mail        |       |       |    33 ||    33
Dodge: Dodged            |    53 |    41 |    33 ||   127
       Deflected         |     1 |       |     6 ||     7
Block: Shield            |    94 |    75 |    82 ||   251

Table legend:
 A = Non-vault XP
 B = Vault XP
 C = Vault XP percentage of total XP
 D = Non-vault monster count
 E = Vault monster count
 F = Vault count percentage of total count
                 A         B        C        D         E       F
            +---------+---------+-------+---------+---------+-------
      Total |    1935 |     301 |  13.5 |     122 |      27 |  18.1
            +---------+---------+-------+---------+---------+-------
        D:1 |      49 |      11 |  18.3 |      23 |       9 |  28.1
        D:2 |      41 |       0 |   0.0 |      16 |       0 |   0.0
        D:3 |     142 |     243 |  63.1 |      25 |       6 |  19.4
        D:4 |     558 |       0 |   0.0 |      17 |       0 |   0.0
        D:5 |     397 |       0 |   0.0 |      19 |       0 |   0.0
        D:6 |     712 |       0 |   0.0 |      21 |       0 |   0.0
        D:7 |      36 |       8 |  18.2 |       1 |       4 |  80.0
     Bailey |       0 |      39 | 100.0 |       0 |       8 | 100.0
            +---------+---------+-------+---------+---------+-------
